 Dungeon Crawl Stone Soup version 0.21.1-1-g345015f (webtiles) character file.

133 letownia2 the Charmwright (level 5, -2/43 HPs)
             Began as a Gnoll Skald on Feb 28, 2018.
             Killed from afar by an orc wizard (9 damage)
             ... with a magic dart
             ... on level 4 of the Dungeon.
             The game lasted 00:04:15 (584 turns).

letownia2 the Charmwright (Gnoll Skald)              Turns: 584, Time: 00:04:16

Health: -2/43      AC:  3    Str: 13    XL:     5   Next: 16%
Magic:  0/12       EV: 14    Int: 16    God:
Gold:   16         SH:  0    Dex: 15    Spells: 3/14 levels left

rFire    . . .     SeeInvis .   a - +0 spear
rCold    . . .     Gourm    .   (no shield)
rNeg     . . .     Faith    .   k - +0 leather armour
rPois    .         Spirit   .   (no helmet)
rElec    .         Reflect  .   (no cloak)
rCorr    .         Harm     .   (no gloves)
MR       .....                  (no boots)
Stlth    ++........             (no amulet)
HPRegen  0.14/turn              (no ring)
MPRegen  0.13/turn              (no ring)

@: shrouded, very slightly contaminated
A: distributed training, fangs 1, strong nose
a: no special abilities


You were on level 4 of the Dungeon.
You were not hungry.

You visited 1 branch of the dungeon, and saw 4 of its levels.

You collected 16 gold pieces.

Inventory:

Hand Weapons
 a - a +0 spear (weapon)
 b - a +0 fustibalus of flaming
 j - a +0 blowgun
Missiles
 f - 17 sling bullets
 h - 25 poisoned needles
 m - 7 bolts
Armour
 k - a +0 leather armour (worn)
Scrolls
 l - 2 scrolls of magic mapping {unknown}
Potions
 e - a potion of curing {unknown}
 g - a potion of heal wounds {unknown}
 i - a potion of degeneration {unknown}
Books
 c - a book of Battle

   Spells                             Type                      Level
   a - Infusion                       Charms                       1
   b - Shroud of Golubria             Charms/Translocation         2
   c - Song of Slaying                Charms                       2
   d - Spectral Weapon                Hexes/Charms                 3
   e - Regeneration                   Charms/Necromancy            3
Comestibles
 d - a ration


   Skills:
 + Level 4.7 Fighting
 + Level 1.3 Short Blades
 + Level 1.3 Long Blades
 + Level 1.3 Axes
 + Level 1.3 Maces & Flails
 + Level 4.7 Polearms
 + Level 1.3 Staves
 + Level 1.3 Slings
 + Level 1.3 Bows
 + Level 1.3 Crossbows
 + Level 1.3 Throwing
 + Level 2.9 Armour
 + Level 4.7 Dodging
 + Level 1.3 Stealth
 + Level 1.3 Shields
 + Level 1.3 Unarmed Combat
 + Level 5.1 Spellcasting
 + Level 1.1 Conjurations
 + Level 1.1 Hexes
 + Level 5.5 Charms
 + Level 1.1 Summonings
 + Level 1.1 Necromancy
 + Level 1.1 Translocations
 + Level 1.1 Transmutations
 + Level 1.1 Fire Magic
 + Level 1.1 Ice Magic
 + Level 1.1 Air Magic
 + Level 1.1 Earth Magic
 + Level 1.1 Poison Magic
 + Level 1.5 Invocations
 + Level 1.3 Evocations


You had 3 spell levels left.
You knew the following spells:

 Your Spells              Type           Power        Failure   Level  Hunger
a - Infusion              Chrm           ###.         1%          1    None
g - Regeneration          Chrm/Necr      ##........   14%         3    ###....
l - Song of Slaying       Chrm           ###.....     3%          2    #......
t - Shroud of Golubria    Chrm/Tloc      ##........   8%          2    #......
x - Spectral Weapon       Hex/Chrm       ##......     14%         3    ###....


Dungeon Overview and Level Annotations

Branches:
Dungeon (4/15)
 Temple: D:4-7

Altars:


Innate Abilities, Weirdness & Mutations

Your experience applies equally to all skills.
You have very sharp teeth.
Your uncanny sense of smell can sniff out nearby items.


Message History

You miscast Shroud of Golubria.
You are very lightly contaminated with residual magic.
Your skin tingles.
Something misses your spectral weapon.
Unknown command.
Casting: Shroud of Golubria
Confirm with . or Enter, or press ? or * to list all spells.
Space distorts slightly along a thin shroud covering your body.
Your spectral weapon fades away.
Unknown command.
Attack whom?
Press: ? - help, Dir - move target cursor You reach to attack!
You attack empty space.
Something hits you but does no damage.
You hit something but do no damage. Something hits you but does no damage.
You hit something. You bite something. You miss something.
You hear some strange, mumbled words.
A magic dart appears from out of thin air!
The magic dart hits you!
You die...

#....?.....#.#
#.......##.#.
#........#.. #
#.######.#.#.#
#..#<#.#
#..†)..#
###..#.....#
#.{..#..####
#@#.....#
#....##.#
#....# #
#.#.## #.#..
#.#### #.# ...


There were no monsters in sight!

Vanquished Creatures
  A hound (D:4)
  2 orc wizards (D:3)
  3 adders
  A worm (D:2)
  4 orcs
  2 giant cockroaches
  2 hobgoblins (D:2)
  2 kobolds (D:3)
  2 rats (D:3)
19 creatures vanquished.

Vanquished Creatures (others)
  A jackal (D:3)
1 creature vanquished.

Grand Total: 20 creatures vanquished

Notes
Turn   | Place    | Note
-------+----------+-------------------------------------------
     0 | D:1      | letownia2 the Gnoll Skald began the quest for the Orb.
     0 | D:1      | Reached XP level 1. HP: 20/20 MP: 6/6
    30 | D:2      | Reached XP level 2. HP: 24/26 MP: 3/7
    43 | D:2      | Learned a level 2 spell: Song of Slaying
    46 | D:2      | Learned a level 2 spell: Shroud of Golubria
   148 | D:3      | Reached skill level 5 in Spellcasting
   148 | D:3      | Reached XP level 3. HP: 27/31 MP: 0/9
   153 | D:3      | Reached skill level 1 in Short Blades
   153 | D:3      | Reached skill level 1 in Long Blades
   153 | D:3      | Reached skill level 1 in Axes
   153 | D:3      | Reached skill level 1 in Maces & Flails
   153 | D:3      | Reached skill level 1 in Staves
   153 | D:3      | Reached skill level 1 in Slings
   153 | D:3      | Reached skill level 1 in Bows
   153 | D:3      | Reached skill level 1 in Crossbows
   153 | D:3      | Reached skill level 1 in Throwing
   153 | D:3      | Reached skill level 1 in Stealth
   153 | D:3      | Reached skill level 1 in Shields
   153 | D:3      | Reached skill level 1 in Unarmed Combat
   153 | D:3      | Reached skill level 1 in Invocations
   153 | D:3      | Reached skill level 1 in Evocations
   173 | D:2      | Reached XP level 4. HP: 34/38 MP: 0/11
   423 | D:3      | Learned a level 3 spell: Regeneration
   427 | D:3      | Learned a level 3 spell: Spectral Weapon
   460 | D:4      | Reached skill level 1 in Conjurations
   460 | D:4      | Reached skill level 1 in Hexes
   460 | D:4      | Reached skill level 1 in Summonings
   460 | D:4      | Reached skill level 1 in Necromancy
   460 | D:4      | Reached skill level 1 in Translocations
   460 | D:4      | Reached skill level 1 in Transmutations
   460 | D:4      | Reached skill level 1 in Fire Magic
   460 | D:4      | Reached skill level 1 in Ice Magic
   460 | D:4      | Reached skill level 1 in Air Magic
   460 | D:4      | Reached skill level 1 in Earth Magic
   460 | D:4      | Reached skill level 1 in Poison Magic
   496 | D:3      | Reached XP level 5. HP: 11/43 MP: 9/12
   584 | D:4      | Killed from afar by an orc wizard

Skill      XL: |  1  2  3  4 |
---------------+-------------+-----
Spellcasting   | 5 |  5.1
Short Blades   | 1 |  1.3
Long Blades    | 1 |  1.3
Axes           | 1 |  1.3
Maces & Flails | 1 |  1.3
Staves         | 1 |  1.3
Slings         | 1 |  1.3
Bows           | 1 |  1.3
Crossbows      | 1 |  1.3
Throwing       | 1 |  1.3
Stealth        | 1 |  1.3
Shields        | 1 |  1.3
Unarmed Combat | 1 |  1.3
Invocations    | 1 |  1.5
Evocations     | 1 |  1.3
Conjurations   | 1 |  1.1
Hexes          | 1 |  1.1
Summonings     | 1 |  1.1
Necromancy     | 1 |  1.1
Translocations | 1 |  1.1
Transmutations | 1 |  1.1
Fire Magic     | 1 |  1.1
Ice Magic      | 1 |  1.1
Air Magic      | 1 |  1.1
Earth Magic    | 1 |  1.1
Poison Magic   | 1 |  1.1
Fighting       | |  4.7
Polearms       | |  4.7
Armour         | |  2.9
Dodging        | |  4.7
Charms         | |  5.5

Action                   |  1- 3 |  4- 6 || total
-------------------------+-------+-------++-------
Melee: Spear             |    40 |    54 ||    94
       Bite              |     2 |     8 ||    10
       Fustibalus        |       |     2 ||     2
 Fire: Fustibalus        |       |    11 ||    11
 Cast: Infusion          |     3 |     1 ||     4
       Shroud of Golubri |     3 |     7 ||    10
       Regeneration      |       |     2 ||     2
       Spectral Weapon   |       |     2 ||     2
 Stab: Sleeping          |       |     1 ||     1
Armor: Leather armour    |     6 |    14 ||    20
Dodge: Dodged            |    19 |    19 ||    38
